 Dungeon Crawl Stone Soup version 0.31-a0-705-ga145531891 (webtiles) character file.

Game seed: 8287236595446542810

6105 arthad the Trooper (level 10, -2/82 HPs)
             Began as a Vine Stalker Berserker on Sept 10, 2023.
             Was an Elder of Trog.
             Slain by an 11-headed hydra (10 damage)
             ... on level 10 of the Dungeon.
             The game lasted 00:13:32 (7365 turns).

arthad the Trooper (Vine Stalker Berserker)         Turns: 7365, Time: 00:13:33

Health: -2/82      AC: 11    Str: 30    XL:     10   Next: 88%
Magic:  0/11       EV: 18    Int:  7    God:    Trog [****..]
Gold:   505        SH:  5    Dex: 14    Spells: 9/9 levels left

rFire   . . .        a - +1 hand axe
rCold   . . .        d - +0 buckler
rNeg    . . .        x - +3 ring mail
rPois   .            y - +0 helmet
rElec   .            (no cloak)
rCorr   .            (no gloves)
SInv    .            e - +0 pair of boots
Will    +++..        (no amulet) Stlth
                     q - +6 ring of strength
HPRegen 2.13/turn    o - +5 ring of evasion
MPRegen 0.12/turn

%: guardian spirit
@: berserking, strong-willed, regenerating, very quick
A: fangs 3, regeneration 1, magic shield, antimagic bite, no potion heal 2
a: Renounce Religion, Berserk, Trog's Hand, Brothers in Arms


You were on level 10 of the Dungeon.
You worshipped Trog.
Trog was greatly pleased with you.
You visited 1 branch of the dungeon, and saw 10 of its levels.

You collected 589 gold pieces.
You spent 84 gold pieces at shops.

Inventory:

Hand Weapons
 a - a +1 hand axe (weapon)
Missiles
 u - 12 poisoned darts (quivered)
 v - 17 boomerangs
 E - a throwing net
Armour
 b - a +0 animal skin
 d - a +0 buckler (worn)
 e - a +0 pair of boots (worn)
 x - a +3 ring mail (worn)
 y - a +0 helmet (worn)
 L - +0 steam dragon scales
 P - a +0 troll leather armour
Jewellery
 k - a +6 ring of dexterity
 o - a +5 ring of evasion (right hand)
 q - a +6 ring of strength (left hand)
 w - a +6 ring of intelligence
 M - a ring of wizardry
Wands
 f - a wand of quicksilver (8)
 F - a wand of flame (16)
 H - a wand of digging (8)
 S - a wand of paralysis (1)
Scrolls
 c - 2 scrolls of fear
 g - 5 scrolls of teleportation
 h - 2 scrolls of blinking
 i - 2 scrolls of enchant armour
 n - a scroll of immolation
 r - 2 scrolls of brand weapon
 z - 4 scrolls of noise
 A - a scroll of fog
 B - 2 scrolls of vulnerability
 G - a scroll of amnesia
 I - a scroll of poison
 Q - a scroll of identify
Potions
 l - 3 potions of mutation
 m - a potion of brilliance
 p - 2 potions of degeneration {unknown}
 s - 3 potions of curing {unknown}
 t - a potion of magic {unknown}
 C - 4 potions of heal wounds
 D - 2 potions of attraction {unknown}
 J - 4 potions of enlightenment
 K - a potion of resistance {unknown}
 N - a potion of haste {unknown}
 O - 2 potions of lignification {unknown}
 R - 2 potions of invisibility {unknown}


   Skills:
 * Level 7.1 Fighting
 * Level 7.1 Axes
 + Level 1.4 Throwing
 * Level 6.2 Armour
 * Level 6.1 Dodging
 + Level 6.4 Stealth
 + Level 4.1 Shields


You had 9 spell levels left.
You didn't know any spells.
Your spell library contained the following spells:

 Spells                   Type           Power      Damage    Failure   Level
 Kiss of Death            Conj/Necr      0%         2d5       58%         1
 Magic Dart               Conj           0%         1d3       58%         1
 Slow                     Hex            0%         N/A       58%         1
 Ensorcelled Hibernation  Hex/Ice        0%         N/A       75%         2
 Passwall                 Tmut/Erth      0%         N/A       75%         2
 Searing Ray              Conj           0%         2d4       75%         2
 Confusing Touch          Hex            0%         N/A       92%         3
 Sigil of Binding         Hex            0%         N/A       92%         3
 Stone Arrow              Conj/Erth      0%         3d7       92%         3
 Swiftness                Air            0%         N/A       92%         3
 Vampiric Draining        Necr           0%         2d6       92%         3
 Animate Armour           Summ/Erth      0%         N/A       100%        4
 Dispel Undead            Necr           0%         3d6       100%        4
 Fulminant Prism          Conj/Hex       0%         3d5       100%        4
 Lehudib's Crystal Spear  Conj/Erth      0%         10d2      100%        8


Dungeon Overview and Level Annotations

Branches:
Dungeon (10/15)            Temple (0/1) D:5            Lair (0/5) D:9
    Orc (0/2) D:10

Altars:
Ashenzari
Elyvilon
Gozag
Hepliaklqana
Kikubaaqudgha
Okawaru
Yredelemnul
Zin

Shops:
D:4 ?   D:8 *[[((

Annotations:
D:7 2 transporters, 3 runed translucent doors


Innate Abilities, Weirdness & Mutations

You have razor-sharp teeth.
Your natural rate of healing is unusually fast.
When hurt, damage is shared between your health and your magic reserves.
Your bite disrupts and absorbs the magic of your enemies.
Potions cannot restore your health.


Message History

You hack one of the eight-headed hydra's heads off!
The seven-headed hydra grows two more!
You slash the nine-headed hydra! Your bite misses the nine-headed hydra.
The nine-headed hydra is moderately wounded.
You block the nine-headed hydra's attack.
The nine-headed hydra misses you. The nine-headed hydra bites you! x2
The nine-headed hydra bites you but does no damage.
The nine-headed hydra bites you!
The nine-headed hydra barely misses you.
The nine-headed hydra bites you but does no damage.
The nine-headed hydra barely misses you.
You are too injured to fight recklessly!
You are too injured to fight recklessly!
You are too injured to fight recklessly!
You are too injured to fight recklessly!
You hack one of the nine-headed hydra's heads off!
The eight-headed hydra grows two more!
You slash the ten-headed hydra! You bite the ten-headed hydra!
You drain its power.
You feel invigorated.
The ten-headed hydra is heavily wounded.
The ten-headed hydra bites you!
You block the ten-headed hydra's attack.
The ten-headed hydra closely misses you. x2
You block the ten-headed hydra's attack.
The ten-headed hydra bites you but does no damage.
You block the ten-headed hydra's attack.
The ten-headed hydra closely misses you.
The ten-headed hydra bites you!
* * * LOW HITPOINT WARNING * * *
The ten-headed hydra barely misses you.
You hack one of the ten-headed hydra's heads off!
The nine-headed hydra grows two more!
You slash the 11-headed hydra!
The 11-headed hydra is heavily wounded.
You barely miss the 11-headed hydra.
The 11-headed hydra is heavily wounded.
The 11-headed hydra completely misses you.
You block the 11-headed hydra's attack. The 11-headed hydra bites you!
* * * LOW HITPOINT WARNING * * *
The 11-headed hydra misses you. x2; The 11-headed hydra closely misses you.
The 11-headed hydra bites you!
You die...

>...........................<...#
.####+#####.....................#
.#........#..#####+#####........#
.#........#..##.. #..##...)....#
>###......#..#.#.###.#.#...<)...#
...'......#..#..#...#.(#........#
...#......#..###...(.#.#.........
#.#########..'.#..(..#.+.........
._...........#.#@D...###....#####
#.#..........#..#...#..#....#
.............#.#.###.#.#....#
.............##..#....##....#
...#####'#########D#####....#
...#......## #.......##....#
...#####...# #..#####D.#....#
...##..##(.# #. ##.#....# ###
...#....#.## # #.# ...


You could see a 11-headed hydra.

Vanquished Creatures
  An ogre mage (D:10)
  Pikel (D:4)
  A manticore (shapeshifter) (D:10)
  A troll (D:9)
  A hornet (D:8)
  A shadow (D:9)
  4 yaks (D:9)
  4 steam dragons
  A vampire mosquito (D:10)
  Menkaure (D:7)
  A water moccasin (D:7)
  3 orc warriors
  2 ice beasts (D:7)
  3 black bears
  3 centaurs
  3 kobold brigands (D:9)
  2 bullfrogs (D:7)
  7 scorpions
  5 killer bees (D:8)
  A howler monkey (D:8)
  A hound (D:6)
  7 orc priests
  2 jellies
  A gnoll bouda (D:6)
  5 orc wizards
  2 iguanas (D:5)
  4 adders
  4 gnolls (D:6)
  A shadow imp (D:6)
  A white imp (D:5)
  2 ufetubi
  2 dart slugs
  22 orcs
  7 endoplasms
  2 giant cockroaches
  9 goblins
  6 hobgoblins
  2 jackals (D:1)
  6 quokkas
  4 ball pythons
  6 bats
  2 frilled lizards (D:1)
  13 kobolds
  3 rats
160 creatures vanquished.

Notes
Turn   | Place    | Note
-------+----------+-------------------------------------------
     0 | D:1      | arthad the Vine Stalker Berserker began the quest for the
                  | Orb.
     0 | D:1      | Reached XP level 1. HP: 11/11 MP: 2/2
    33 | D:1      | Reached XP level 2. HP: 16/16 MP: 0/3
   358 | D:1      | Reached ** piety under Trog
   359 | D:1      | Reached XP level 3. HP: 20/20 MP: 4/4
   645 | D:2      | Reached skill level 1 in Stealth
   988 | D:2      | Found a faded altar of an unknown god.
  1373 | D:3      | Found an iron altar of Okawaru.
  1451 | D:3      | Reached XP level 4. HP: 24/24 MP: 3/5
  1958 | D:3      | Found a white marble altar of Elyvilon.
  1964 | D:3      | Found a basalt altar of Yredelemnul.
  1965 | D:3      | Found a glowing silver altar of Zin.
  2238 | D:4      | Noticed a lemure
  2238 | D:4      | Noticed a lemure
  2238 | D:4      | Noticed a lemure
  2238 | D:4      | Noticed a lemure
  2238 | D:4      | Noticed Pikel
  2269 | D:4      | Killed Pikel
  2270 | D:4      | Reached skill level 1 in Shields
  2270 | D:4      | Reached XP level 5. HP: 20/29 MP: 2/6
  2270 | D:4      | Reached XP level 6. HP: 22/33 MP: 2/7
  2270 | D:4      | Reached XP level 7. HP: 25/37 MP: 2/8
  2553 | D:4      | Found Vahuostre's Magic Scroll Shop.
  2556 | D:4      | Bought a scroll of teleportation for 36 gold pieces
  2556 | D:4      | Bought a scroll of fog for 48 gold pieces
  2708 | D:5      | Entered Level 5 of the Dungeon
  2789 | D:5      | Found a staircase to the Ecumenical Temple.
  2861 | D:5      | Gained mutation: You have razor-sharp teeth. [Vine Stalker
                  | growth]
  2861 | D:5      | Reached XP level 8. HP: 42/42 MP: 9/9
  2887 | D:5      | Reached *** piety under Trog
  3620 | D:6      | Reached skill level 5 in Axes
  3696 | D:6      | Reached skill level 5 in Fighting
  4260 | D:7      | Found an ancient bone altar of Kikubaaqudgha.
  4318 | D:7      | Found a hazy altar of Hepliaklqana.
  4469 | D:7      | Noticed a polar bear
  4469 | D:7      | Noticed a yak
  4497 | D:7      | Noticed a komodo dragon
  4503 | D:7      | Found a transporter.
  4508 | D:7      | Noticed a yak
  4514 | D:7      | Found a transporter.
  4521 | D:7      | Noticed a gargoyle
  4536 | D:7      | Noticed a hornet
  4555 | D:7      | Reached XP level 9. HP: 47/47 MP: 10/10
  4566 | D:7      | Found a runed translucent gate.
  4566 | D:7      | Found a runed translucent gate.
  4566 | D:7      | Found a runed translucent gate.
  4566 | D:7      | Noticed a manticore
  4566 | D:7      | Noticed a polar bear
  4766 | D:7      | Noticed Menkaure
  4774 | D:7      | Killed Menkaure
  4856 | D:7      | Reached skill level 5 in Stealth
  4967 | D:8      | Reached skill level 5 in Armour
  4981 | D:8      | Reached **** piety under Trog
  4982 | D:8      | Reached skill level 5 in Dodging
  5098 | D:8      | Found Acwarusk's General Store.
  5154 | D:8      | Found Vager's Armour Shop.
  5201 | D:8      | Found Masil's Armour Shop.
  5202 | D:8      | Found Paadyxep's Antique Weapon Shop.
  5266 | D:8      | Noticed a hornet
  5269 | D:8      | Found Zahomuq's Antique Weapon Shoppe.
  5463 | D:8      | Killed a hornet
  5464 | D:8      | Reached XP level 10. HP: 53/53 MP: 8/11
  6492 | D:9      | Found a staircase to the Lair.
  6529 | D:9      | Found an opulent altar of Gozag.
  6928 | D:10     | Entered Level 10 of the Dungeon
  7085 | D:10     | Noticed a six-headed hydra
  7125 | D:10     | Found a staircase to the Orcish Mines.
  7159 | D:10     | Found a broken altar of Ashenzari.
  7193 | D:10     | Noticed an ogre mage
  7211 | D:10     | Killed an ogre mage
  7212 | D:10     | Reached skill level 1 in Throwing
  7277 | D:10     | Noticed a manticore
  7290 | D:10     | Killed a manticore
  7365 | D:10     | Slain by an 11-headed hydra

Illustrated notes

Levels and vault maps discovered:
D:1:      amcnicky_arrival_blooded_trapdoor, layout_basic, roderic_roman_lattice
D:2:      layout_basic, shapermc_ecumenical_altar_mp_highgroup
D:3:      layout_loops_corners, mainiacjoe_overflow_concentric_impassable,
          minitemple, nicolae_underground_beach
D:4:      layout_basic, serial_shops, nicolae_shop_rolled_up, st_stairs_2,
          uniq_pikel
D:5:      layout_basic, minmay_temple_entry_arrows, serial_bayou,
          serial_bayou_shore_a, serial_bayou_crossing, serial_bayou_ford_a,
          serial_bayou_pond_a
D:6:      layout_gridville, serial_glass, glass_columns_b, glass_columns_c
D:7:      lemuel_bear_cage, layout_basic, mainiacjoe_overflow_big_doors,
          nzn_ghost_randoct, hangedman_minor_gate_pass, uniq_menkaure
D:8:      cheibrodos_steamvent, layout_layer_cave, serial_shops,
          nicolae_shop_tiny_statue_garden, shop, nicolae_shop_waterfront, shop,
          kennysheep_mini_moat, chequers_serial_rivers_micro_d
D:9:      layout_cave_pods, nicolae_gozag_cash_rules_everything_around_me,
          dpeg_oklobed_lair, kennysheep_flooded_box, minmay_unpleasant_kobolds
D:10:     minmay_the_grid_net [minmay_the_grid_fan, minmay_the_grid_expand,
          minmay_the_grid_small_cups, minmay_the_grid_spin_star,
          minmay_the_grid_embedded, minmay_the_grid_prize_inner_circle],
          layout_irregular_city, ashenzari_altar_1, orc_0_dummy, uniq_snorg

Skill      XL: |  1  2  3  4  5  6  7  8  9 10 |
---------------+-------------------------------+-----
Axes           | 3 4 5 6 7 |  7.1
Fighting       | 3 4 5 6 7 |  7.1
Stealth        | 1 2 3 4 5 6 |  6.4
Armour         | 2 3 4 5 6 |  6.2
Dodging        | 3 4 5 6 |  6.1
Shields        | 1 2 3 4 |  4.1
Throwing       | 1 |  1.4

Action                     |  1- 3 |  4- 6 |  7- 9 | 10-12 || total
---------------------------+-------+-------+-------+-------++-------
  Melee: Hand axe          |   104 |    67 |   297 |   152 ||   620
         Bite              |    24 |    12 |    94 |    58 ||   188
  Throw: Dart              |       |       |     4 |    17 ||    21
 Invoke: Berserk           |       |     1 |     2 |     2 ||     5
         Trog's Hand       |       |     1 |     1 |     1 ||     3
    Use: Potion            |       |       |     4 |       ||     4
         Scroll            |       |       |       |    11 ||    11
   Stab: Sleeping          |       |     3 |     2 |       ||     5
 Armour: Animal skin       |    59 |    31 |       |       ||    90
         Ring mail         |       |       |   185 |    92 ||   277
  Dodge: Dodged            |    51 |    44 |   273 |   112 ||   480
  Block: Buckler           |    14 |     8 |    95 |    43 ||   160

Table legend: (Time is in decaauts)
 A = Elapsed time spent in this place.
 B = Non-inter-level travel time spent in this place.
 C = Inter-level travel time spent in this place.
 D = Time resting spent in this place.
 E = Time spent auto-exploring this place.
 F = Levels seen in this place.
 G = Mean time per level.
                   A        B        C        D        E       F      G
               +--------+--------+--------+--------+--------+-----+--------+
         Total |   7470 |   7214 |    256 |     48 |   5686 |  10 |  747.0 |
       Dungeon |   7470 |   7214 |    256 |     48 |   5686 |  10 |  747.0 |
               +--------+--------+--------+--------+--------+-----+--------+

Top non-repeatable levels by time:
     D:8: 1161 daAuts
     D:5: 920 daAuts
     D:3: 906 daAuts
     D:9: 847 daAuts
     D:7: 762 daAuts
     D:4: 640 daAuts
     D:1: 632 daAuts
     D:6: 602 daAuts
     D:2: 566 daAuts
    D:10: 431 daAuts
